 Dungeon Crawl Stone Soup version 0.24-a0-521-g122614b (webtiles) character file.

Game seed: 8138350757512875697

7 scottley the Sneak (level 1, -1/10 HPs)
             Began as a Spriggan Assassin on July 19, 2019.
             Slain by a jackal (3 damage)
             ... on level 1 of the Dungeon on July 28, 2019.
             The game lasted 00:02:52 (270 turns).

scottley the Sneak (Spriggan Assassin)               Turns: 270, Time: 00:02:54

Health: -1/10      AC:  3    Str:  7    XL:     1   Next: 91%
Magic:  2/2        EV: 17    Int: 12    God:
Gold:   33         SH:  0    Dex: 17    Spells: 0/0 levels left

rFire    . . .     SeeInvis +   a - +2 dagger
rCold    . . .     Gourm    .   (shield restricted)
rNeg     . . .     Faith    .   b - +0 robe
rPois    .         Spirit   .   (helmet restricted)
rElec    .         Reflect  .   c - +0 cloak
rCorr    .         Harm     .   (gloves unavailable)
MR       .....                  (boots unavailable)
Stlth    +++.......             (no amulet)
HPRegen  0.03/turn              (no ring)
MPRegen  0.08/turn              (no ring)

@: very quick
A: very small, unfitting armour, see invisible, herbivore, speed 3, slow
metabolism 2
a: no special abilities


You were on level 1 of the Dungeon.
You were not hungry.

You visited 1 branch of the dungeon, and saw 1 of its levels.

You collected 33 gold pieces.

Inventory:

Hand Weapons
 a - a +2 dagger (weapon)
Missiles
 d - 7 poisoned darts (quivered)
 e - 2 curare-tipped darts
 g - 7 sling bullets
 j - 23 arrows
Armour
 b - a +0 robe (worn)
 c - a +0 cloak (worn)
Scrolls
 l - a scroll of remove curse {unknown}
 m - a scroll of identify
 n - a scroll of immolation {unknown}
Potions
 h - a potion of lignification {unknown}
 i - 2 potions of curing {unknown}
 k - 2 potions of cancellation {unknown}
Comestibles
 f - 3 rations


   Skills:
 + Level 1.5 Fighting
 + Level 2.5 Short Blades
 + Level 2.0 Throwing
 + Level 1.5 Dodging
 + Level 6.2 Stealth


You couldn't memorise any spells.
You didn't know any spells.
Your spell library was empty.

Dungeon Overview and Level Annotations

Branches:
Dungeon (1/15)

Altars:


Innate Abilities, Weirdness & Mutations

You are very small and have problems with some larger weapons.
You are too small for most types of armour.
You have supernaturally acute eyesight. (SInv)
You are a herbivore.
You cover ground extremely quickly.
You need to consume almost no food.


Message History

You hit the jackal.
You kill the jackal!
d - 5 poisoned darts (gained 1)
d - 6 poisoned darts (gained 1)
d - 7 poisoned darts (gained 1)
A jackal comes into view.
The jackal moves out of view.
Found a scroll labeled ZUSSIETATI.
Found 18 gold pieces.
You see here a poisoned dart.
You see here a scroll labeled ZUSSIETATI.
n - a scroll labeled ZUSSIETATI
Okay, then.
Save game and exit?
Welcome back, scottley the Spriggan Assassin.
Press ? for a list of commands and other information.
The jackal completely misses you.
You completely miss the jackal. The jackal completely misses you.
You barely miss the jackal. The jackal bites you.
You die...

..#.# #####.#.#$#
#.#..
#.......#.### #
#.#.#.###.#.....#
###.#.......#...#
###.###.#..(#
............#
..#.###.(..##
.... .###.#...#
### #.....h@.#
#.##.##### # #.#
..# ###


You could see a jackal.

Vanquished Creatures
  2 leopard geckos (D:1)
  2 jackals (D:1)
  A frilled lizard (D:1)
5 creatures vanquished.

Notes
Turn   | Place    | Note
-------+----------+-------------------------------------------
     0 | D:1      | scottley the Spriggan Assassin began the quest for the Orb.
     0 | D:1      | Reached XP level 1. HP: 10/10 MP: 2/2
   186 | D:1      | Reached skill level 6 in Stealth
   268 | D:1      | Upgraded the game from 0.24-a0-509-ga1643a6 to
                  | 0.24-a0-521-g122614b
   270 | D:1      | Slain by a jackal

Levels and vault maps discovered:
D:1:      ldierk_walled_garden_2, layout_basic

Skill      XL: |  1 |
---------------+----+-----
Stealth        | 6 |  6.2
Fighting       | |  1.5
Short Blades   | |  2.5
Throwing       | |  2.0
Dodging        | |  1.5

Action                   || total
-------------------------++-------
Melee: Dagger            ||    14
Throw: Dart              ||    12
  Use: Scroll            ||     1
Armor: Robe              ||     2
Dodge: Dodged            ||     7

Table legend:
 A = Non-vault XP
 B = Vault XP
 C = Vault XP percentage of total XP
 D = Non-vault monster count
 E = Vault monster count
 F = Vault count percentage of total count
                 A         B        C        D         E       F
            +---------+---------+-------+---------+---------+-------
      Total |      11 |       0 |   0.0 |       5 |       0 |   0.0
            +---------+---------+-------+---------+---------+-------
        D:1 |      11 |       0 |   0.0 |       5 |       0 |   0.0
            +---------+---------+-------+---------+---------+-------
